 Dungeon Crawl Stone Soup version 0.18-a0-1788-g92de1ac (console) character file.

116 Dingbat the Slasher (level 5, 0/32 HPs)
             Began as a Tengu Fighter on Apr 19, 2016.
             Slain by a hound (4 damage)
             ... on level 4 of the Dungeon.
             The game lasted 00:04:12 (1637 turns).

Dingbat the Slasher (Tengu Fighter)                 Turns: 1637, Time: 00:04:12

Health: 0/32       AC:  8    Str: 16    XL:     5   Next: 0%
Magic:  6/6        EV: 13    Int:  9    God:
Gold:   67         SH:  0    Dex: 14    Spells: 0 memorised, 4 levels left

rFire  . . .     SeeInvis .     a - +0 long sword
rCold  . . .     Gourm    .     r - +0 scale mail
rNeg   . . .     Faith    .     (no shield)
rPois  .         Spirit   .     (helmet restricted)
rElec  .         Dismiss  .     p - +0 cloak
rCorr  .         Reflect  .     (no gloves)
SustAt .         Harm     .     (boots unavailable)
MR     .....                    (no amulet)
Stlth  ..........               (no ring)
                                g - +4 ring of evasion

@: not resistant to hostile enchantments, extremely unstealthy
A: beak, talons 3, able to fly 1
a: Fly


You were on level 4 of the Dungeon.
You were not hungry.

You visited 1 branch of the dungeon, and saw 4 of its levels.

You collected 67 gold pieces.

Inventory:

Hand Weapons
 a - a +0 long sword (weapon)
 b - a +0 hunting sling
Missiles
 i - 70 stones (quivered)
 j - 45 sling bullets
Armour
 c - a +0 shield
 p - a +0 cloak (worn)
 r - a +0 scale mail (worn)
Jewellery
 g - a +4 ring of evasion (left hand)
 k - an uncursed ring of loudness
Scrolls
 u - a scroll of identify
Potions
 d - a potion of might
 e - a potion of heal wounds
 n - a potion of curing
 o - a potion of flight
 q - 2 potions of resistance
Comestibles
 f - 3 bread rations
 h - a royal jelly
 l - a meat ration
 m - a beef jerky
 s - 3 chunks of flesh


   Skills:
 - Level 3.0 Fighting
 * Level 5.2 Long Blades
 - Level 3.4 Armour
 - Level 3.0 Shields
 + Level 0.9 Unarmed Combat


You had 4 spell levels left.
You didn't know any spells.

Dungeon Overview and Level Annotations

Branches:
Dungeon (4/15)
 Temple: D:4-7

Altars:

Shops:
D:4 *[


Innate Abilities, Weirdness & Mutations

You have a beak for a mouth.
You have claws for feet.
You can fly.


Message History

The adder barely misses you. The adder barely misses you. The ogre misses you.
The adder bites you. The adder barely misses you.
You fail to use your ability.
The adder bites you but does no damage. The adder bites you but does no damage.
Some of the chunks of flesh in your inventory have rotted away.
The adder bites you.
You open the door.
The ogre hits you with a giant spiked club!!
Ouch! That really hurt!
* * * LOW HITPOINT WARNING * * *
The adder bites you but does no damage. The adder barely misses you.
There is an open door here.
A hound comes into view.
The hound barks!
The adder bites you but does no damage. The hound bites you.
You die...

.. #####. ......
......##### .......
.........##########.#.....#
.........O.S@h...... .....#
####....########### ....# #
#...........# ...#.#
#...........# #####....#
###...........# #.....####
#.............# #.##..รท..#
#......####...####.##.#....
#......# #......#.<#.#....
#......# ##+###.##.#.+...?


You could see an ogre, a hound and an adder.

Vanquished Creatures
  A hound (D:4)
  An orc wizard (D:3)
  2 adders
  An ooze (D:2)
  2 worms (D:2)
  2 giant geckos
  2 orcs (D:3)
  5 bats
  3 hobgoblins (D:2)
  2 quokkas
  2 giant newts
  3 goblins
  4 kobolds
  5 rats
35 creatures vanquished.

Notes
Turn   | Place    | Note
--------------------------------------------------------------
     0 | D:1      | Dingbat the Tengu Fighter began the quest for the Orb.
     0 | D:1      | Reached XP level 1. HP: 14/14 MP: 2/2
   329 | D:1      | Reached XP level 2. HP: 18/19 MP: 3/3
   554 | D:1      | Reached skill level 3 in Long Blades
   875 | D:2      | Reached XP level 3. HP: 17/23 MP: 4/4
  1099 | D:2      | Reached skill level 4 in Long Blades
  1402 | D:4      | Found Zeni's Armour Shop.
  1402 | D:4      | Found Erenume's General Store.
  1404 | D:4      | Noticed a scorpion
  1415 | D:3      | Reached XP level 4. HP: 25/28 MP: 5/5
  1580 | D:4      | Reached skill level 5 in Long Blades
  1592 | D:4      | Gained mutation: You can fly. [Tengu growth]
  1592 | D:4      | Reached XP level 5. HP: 29/32 MP: 6/6
  1597 | D:4      | Noticed an ogre
  1637 | D:4      | Slain by a hound

Vault maps used:
D:1:      noname_arrival_rooms_in_the_neighbourhood, solitary_fountain
D:2:      first_bread, st_stairs_14
D:3:      gammafunk_temple_overflow_statue
D:4:      serial_shops, shop, nicolae_shop_behind_doors, kennysheep_mini, shop,
          shop

Skill      XL: |  1  2  3  4 |
---------------+-------------+-----
Long Blades    | 3 4 5 |  5.2
Fighting       | |  3.0
Armour         | |  3.4
Shields        | |  3.0
Unarmed Combat | |  0.9

Action                   |  1- 3 |  4- 6 || total
-------------------------+-------+-------++-------
Melee: Long sword        |    83 |    41 ||   124
       Kick              |    19 |    11 ||    30
       Peck              |    12 |     7 ||    19
  Use: Scroll            |     7 |       ||     7
       Potion            |       |     1 ||     1
  Eat: Chunk             |     2 |       ||     2
Armor: Scale mail        |    33 |    26 ||    59
Dodge: Dodged            |    48 |    24 ||    72
Block: Shield            |    13 |       ||    13
